 Dungeon Crawl Stone Soup version 0.31.0-11-ge490571c62 (webtiles) character file.

Game seed: 11264235875814377525

27 qw the Shooter (level 2, 0/14 HPs)
             Began as a Spriggan Hunter on Feb 5, 2024.
             Succumbed to their own poison gas
             ... on level 1 of the Dungeon.
             The game lasted 00:00:17 (702 turns).

qw the Shooter (Spriggan Hunter)                     Turns: 702, Time: 00:00:17

Health: 0/14       AC:  2    Str:  7    XL:     2   Next: 93%
Magic:  3/3        EV: 20    Int: 10    God:
Gold:   11         SH:  0    Dex: 24    Spells: 1/1 levels left

rFire   . . .        a - +1 shortbow (drain)
rCold   . . .        (shield currently unavailable)
rNeg    . . .        c - +0 robe
rPois   .            (helmet restricted)
rElec   .            (no cloak)
rCorr   .            (gloves unavailable)
SInv    +            (boots unavailable)
Will    .....        (no amulet)
Stlth   ++           h - +6 ring of dexterity
HPRegen 0.22/turn    (no ring)
MPRegen 0.08/turn

%: no passive effects
@: lethally poisoned (0 -> -10), very quick
A: very small, no large weapons, unfitting armour, see invisible, speed 3
a: no special abilities


You were on level 1 of the Dungeon.
You visited 1 branch of the dungeon, and saw 1 of its levels.

You collected 11 gold pieces.


Innate Abilities, Weirdness & Mutations

You are very small and have problems with some larger weapons.
You are too small for most types of armour.
You have supernaturally acute eyesight. (SInv)
You cover ground extremely quickly. (Speed+++)


   Skills:
 - Level 1.5 Fighting
 - Level 4.3 Ranged Weapons
 + Level 4.0 Dodging
 - Level 1.5 Stealth


You had one spell level left.
You didn't know any spells.
Your spell library was empty.

Inventory:

Hand Weapons
 a - a +1 shortbow of draining (weapon)
Armour
 c - a +0 robe (worn)
Jewellery
 h - a +6 ring of dexterity (left hand)
Potions
 j - a potion of cancellation

Dungeon Overview and Level Annotations

Branches:
Dungeon (1/15)

Altars:


Message History

694 ||| READING scroll labelled MACUSU ZUXZUL.
The air fills with toxic fumes!
As you read the scroll labelled MACUSU ZUXZUL, it crumbles to dust.
It was a scroll of poison.
Done exploring.
695 ||| READING scroll labelled JIACZU CIEDGH.
As you read the scroll labelled JIACZU CIEDGH, it crumbles to dust.
It is a scroll of enchant weapon.
695 ||| ENCHANTING +0 shortbow.
Your +0 shortbow glows red for a moment.
Done exploring.
696 ||| READING scroll labelled PIUMMIH WUEFY.
As you read the scroll labelled PIUMMIH WUEFY, it crumbles to dust.
It is a scroll of brand weapon.
696 ||| BRANDING +1 shortbow.
Your +1 shortbow craves living souls!
a - a +1 shortbow of draining (weapon)
Done exploring.
697 ||| DROPPING scroll of butterflies.
You drop a scroll of butterflies.
Done exploring.
698 ||| DROPPING potion of degeneration.
You drop a potion of degeneration.
Done exploring.
What level of the Dungeon? (default 1, ? - help) Sorry, I don't know how to get there.
Enter note:
Enter note:
Enter note:
Enter note:
Enter note:
Enter note: You are engulfed in poison gas.
You are lethally poisoned!
You feel very sick.
700 ||| Stepping ~*~*~tactically~*~*~ (cloud).
You feel sick.
Things that are here:
a potion of degeneration; a scroll of butterflies
There is a lethal amount of poison in your body!
You feel very sick.
There is a lethal amount of poison in your body!
You die...

#.............####.#
######..##.##...........#
........##.##..###.######
#######.##.##¤.# #.#
#......¤.# #.# ####.###¤#
#.# ######### #.#
#¤###¤######........
#.###0¤0¤0¤0¤¤..#.######
#0¤¤0¤¤@0¤######.##
########### ###


There were no monsters in sight!

Vanquished Creatures
  A dart slug (D:1)
  2 bats (D:1)
  2 endoplasms (D:1)
  A giant cockroach (D:1)
  3 goblins (D:1)
  A hobgoblin (D:1)
  4 jackals (D:1)
  A quokka (D:1)
  2 ball pythons (D:1)
  3 frilled lizards (D:1)
  2 kobolds (D:1)
  2 rats (D:1)
24 creatures vanquished.

Notes
Turn   | Place    | Note
-------+----------+-------------------------------------------
     0 | D:1      | qw the Spriggan Hunter began the quest for the Orb.
     0 | D:1      | Reached XP level 1. HP: 10/10 MP: 2/2
     0 | D:1      | 0 ||| qw: Version: 0.3-a-160-g6735b56
     0 | D:1      | 0 ||| qw: Game counter: 6382
     0 | D:1      | 0 ||| qw: Melee chars always use a shield: true
     0 | D:1      | 0 ||| qw: God list: Okawaru
     0 | D:1      | 0 ||| qw: Allow faded altars: false
     0 | D:1      | 0 ||| qw: Do Orc after clearing Dungeon:15 true
     0 | D:1      | 0 ||| qw: Do second Lair branch before Depths: true
     0 | D:1      | 0 ||| qw: Lair rune preference: random
     0 | D:1      | 0 ||| qw: Goals: Normal
     0 | D:1      | 0 ||| PLANNING D:1-11
    30 | D:1      | Reached skill level 3 in Dodging
    43 | D:1      | Reached XP level 2. HP: 13/14 MP: 3/3
   689 | D:1      | 689 ||| UPGRADING to +6 ring of dexterity.
   690 | D:1      | 690 ||| READING scroll labelled RIS BEOTTE.
   691 | D:1      | 691 ||| READING 2 scrolls labelled PUV XAOSUENUD.
   691 | D:1      | 691 ||| IDENTIFYING amethyst potion
   692 | D:1      | 692 ||| READING scroll of identify.
   692 | D:1      | 692 ||| IDENTIFYING green potion
   693 | D:1      | 693 ||| READING scroll labelled ESIUME FYRI.
   693 | D:1      | 693 ||| ENCHANTING +0 shortbow.
   694 | D:1      | 694 ||| READING scroll labelled MACUSU ZUXZUL.
   695 | D:1      | 695 ||| READING scroll labelled JIACZU CIEDGH.
   695 | D:1      | 695 ||| ENCHANTING +0 shortbow.
   696 | D:1      | 696 ||| READING scroll labelled PIUMMIH WUEFY.
   696 | D:1      | 696 ||| BRANDING +1 shortbow.
   697 | D:1      | 697 ||| DROPPING scroll of butterflies.
   698 | D:1      | 698 ||| DROPPING potion of degeneration.
   700 | D:1      | 700 ||| Stepping ~*~*~tactically~*~*~ (cloud).
   701 | D:1      | HP: 1/14 [poisoned by you (poison gas)]
   702 | D:1      | Succumbed to their own poison gas

Levels and vault maps discovered:
D:1:      dpeg_arrival_rhombus, layout_loops_ring

Skill      XL: |  1  2 |
---------------+-------+-----
Dodging        | 3 4 |  4.0
Fighting       | |  1.5
Ranged Weapons | |  4.3
Stealth        | |  1.5

Action                     || total
---------------------------++-------
   Fire: Shortbow          ||    57
    Use: Scroll            ||     7
 Armour: Robe              ||    11
  Dodge: Dodged            ||    13

Table legend:
 A = Non-vault XP
 B = Vault XP
 C = Vault XP percentage of total XP
 D = Non-vault monster count
 E = Vault monster count
 F = Vault count percentage of total count
                 A         B        C        D         E       F
            +---------+---------+-------+---------+---------+-------
      Total |      39 |       0 |   0.0 |      24 |       0 |   0.0
            +---------+---------+-------+---------+---------+-------
        D:1 |      39 |       0 |   0.0 |      24 |       0 |   0.0
            +---------+---------+-------+---------+---------+-------
